[Event "EYTCC U18 Open 2019"]
[Site "Pardubice"]
[Date "2019.07.12"]
[Round "2.9"]
[White "Willow, Jonah B"]
[Black "Miesbauer, Jan"]
[Result "0-1"]
[ECO "C03"]
[WhiteElo "2343"]
[BlackElo "2409"]
[Annotator "NA"]
[PlyCount "140"]
[EventDate "2019.07.11"]
[EventType "swiss"]
[EventCountry "CZE"]
[SourceTitle "playchess.com"]
[Source "ChessBase"]
[SourceQuality "1"]
[WhiteTeam "England"]
[BlackTeam "Czech Republic"]
[WhiteTeamCountry "ENG"]
[BlackTeamCountry "CZE"]
[TimeControl "40/5400+30:1800+30"]

1. e4 e6 2. d4 d5 3. Nd2 Be7 4. e5 c5 5. c3 Nc6 6. Bd3 Qb6 7. Ne2 Bd7 8. O-O cxd4 9. cxd4 Nb4 10. Bb1 Bb5 11. Nb3 Qa6 12. Re1 Nd3 13. Bxd3 Bxd3 14. Nf4 Bg6 15. Bd2 Nh6 16. h4 Bxh4 17. Nc5 Qc4 18. Nfxe6 fxe6 19. Nxe6 Kf7 20. Bxh6 gxh6 21. Rc1 Qd3 22. Qg4 Qf5 23. Qxh4 Kxe6 24. Rc7 Rhe8 25. Rec1 Qg5 26. Qh3+ Bf5 27. Qa3 Rad8 28. Qxa7 Re7 29. Rxe7+ Qxe7 30. Qb6+ Kf7 31. Qxh6 Kg8 32. Rc3 Bg6 33. Rg3 Qg7 34. Qg5 Rf8 35. Qg4 Kh8 36. Qe2 Qh6 37. e6 Qf4 38. e7 Re8 39. Rf3 Qxd4 40. Rf8+ Kg7 41. Rf3 Qe4 42. Re3 Qh4 43. Re6 Qf4 44. Qb5 Bf7 45. Re3 Qc7 46. Qb4 Qd7 47. Qd4+ Kg8 48. Qf6 Bg6 49. f4 d4 50. Rg3 Qxe7 51. Qxd4 Rd8 52. Qa4 Kh8 53. Qb3 Rf8 54. Rf3 Be4 55. Rf2 Bc6 56. Qc3+ Qf6 57. Qxf6+ Rxf6 58. g4 Rd6 59. Kh2 Rd3 60. f5 Kg7 61. g5 Re3 62. b4 Re4 63. Rb2 Rg4 64. g6 h5 65. b5 Be4 66. a4 b6 67. Re2 Bxf5 68. Re7+ Kxg6 69. Rb7 Rxa4 70. Rxb6+ Kg5 0-1

[Event "EYTCC U18 Open 2019"]
[Site "Pardubice"]
[Date "2019.07.12"]
[Round "2.10"]
[White "Zeman, Matyas"]
[Black "Derakhshani, Borna"]
[Result "0-1"]
[ECO "B13"]
[WhiteElo "2275"]
[BlackElo "2300"]
[Annotator "NA"]
[PlyCount "98"]
[EventDate "2019.07.11"]
[EventType "swiss"]
[EventCountry "CZE"]
[SourceTitle "playchess.com"]
[Source "ChessBase"]
[SourceQuality "1"]
[WhiteTeam "Czech Republic"]
[BlackTeam "England"]
[WhiteTeamCountry "CZE"]
[BlackTeamCountry "ENG"]
[TimeControl "40/5400+30:1800+30"]

1. e4 c6 2. d4 d5 3. exd5 cxd5 4. Bd3 Nc6 5. c3 Qc7 6. Ne2 Bg4 7. O-O e6 8. Qe1 Bxe2 9. Qxe2 Bd6 10. g3 Nf6 11. Nd2 O-O 12. f4 a6 13. Nf3 b5 14. Bd2 b4 15. Ne5 bxc3 16. bxc3 Ne7 17. g4 Rab8 18. g5 Ne4 19. Bxe4 dxe4 20. Qxe4 Bxe5 21. Qxe5 Qc4 22. Rf2 Rb2 23. Qc5 Qd3 24. Be1 Rxf2 25. Bxf2 Nd5 26. Re1 Nxf4 27. Bg3 Qd2 28. Qc6 Ne2+ 29. Kf1 Nxg3+ 30. hxg3 Qxg5 31. Qf3 Qb5+ 32. Kf2 Rc8 33. Re3 h5 34. Qe2 g6 35. Qd2 Qd5 36. Rf3 Rb8 37. Qc2 Qc4 38. Re3 Rb5 39. Re2 Rf5+ 40. Kg2 a5 41. Rf2 Qc6+ 42. Kg1 Rg5 43. Rg2 Qf3 44. Qb2 Rf5 45. Qd2 Qf1+ 46. Kh2 a4 47. Qc2 h4 48. gxh4 Rf4 49. Rxg6+ Kf8 0-1

[Event "EYTCC U18 Open 2019"]
[Site "Pardubice"]
[Date "2019.07.12"]
[Round "2.11"]
[White "Grieve, Harry"]
[Black "Sramek, Vojtech"]
[Result "1/2-1/2"]
[ECO "B76"]
[WhiteElo "2235"]
[BlackElo "2233"]
[Annotator "NA"]
[PlyCount "98"]
[EventDate "2019.07.11"]
[EventType "swiss"]
[EventCountry "CZE"]
[SourceTitle "playchess.com"]
[Source "ChessBase"]
[SourceQuality "1"]
[WhiteTeam "England"]
[BlackTeam "Czech Republic"]
[WhiteTeamCountry "ENG"]
[BlackTeamCountry "CZE"]
[TimeControl "40/5400+30:1800+30"]

1. e4 c5 2. Nf3 d6 3. d4 cxd4 4. Nxd4 Nf6 5. Nc3 g6 6. Be3 Bg7 7. f3 O-O 8. Qd2 Nc6 9. O-O-O d5 10. Qe1 e5 11. Nxc6 bxc6 12. exd5 Nxd5 13. Bc4 Be6 14. Ne4 Qc7 15. Bc5 Rfd8 16. Qh4 h6 17. g4 Rd7 18. g5 h5 19. Qf2 Rad8 20. h4 Nf4 21. Rxd7 Rxd7 22. Bxe6 Nxe6 23. Be3 Qa5 24. Kb1 Rd8 25. Rc1 Bf8 26. Qf1 Rb8 27. c3 a6 28. Rd1 Kg7 29. Qc4 Qb5 30. Qxb5 axb5 31. Rd7 Rd8 32. Rxd8 Nxd8 33. Ba7 Be7 34. b3 f6 35. a4 bxa4 36. bxa4 fxg5 37. hxg5 Ne6 38. Bb8 Nxg5 39. Bxe5+ Kf7 40. Nxg5+ Bxg5 41. a5 h4 42. Kc2 Be3 43. Kd3 Ba7 44. Ke4 Ke6 45. Bh2 Kd7 46. c4 Kc8 47. a6 g5 48. Kf5 Be3 49. Kg4 Bd2 1/2-1/2

[Event "EYTCC U18 Open 2019"]
[Site "Pardubice"]
[Date "2019.07.12"]
[Round "2.12"]
[White "Mica, Marek"]
[Black "Stoyanov, Viktor"]
[Result "1/2-1/2"]
[ECO "D37"]
[WhiteElo "2222"]
[BlackElo "2198"]
[Annotator "NA"]
[PlyCount "107"]
[EventDate "2019.07.11"]
[EventType "swiss"]
[EventCountry "CZE"]
[SourceTitle "playchess.com"]
[Source "ChessBase"]
[SourceQuality "1"]
[WhiteTeam "Czech Republic"]
[BlackTeam "England"]
[WhiteTeamCountry "CZE"]
[BlackTeamCountry "ENG"]
[TimeControl "40/5400+30:1800+30"]

1. d4 d5 2. c4 e6 3. Nf3 Nf6 4. Nc3 dxc4 5. e3 a6 6. Bxc4 b5 7. Be2 Bb7 8. O-O c5 9. b3 Nbd7 10. Bb2 Be7 11. Rc1 O-O 12. Qc2 Rc8 13. Qb1 cxd4 14. Nxd4 Qb6 15. Rfd1 Rfd8 16. Bf3 Nc5 17. Bxb7 Qxb7 18. Nf3 b4 19. Ne2 a5 20. Ne5 a4 21. Rxd8+ Bxd8 22. Bd4 Be7 23. bxa4 Nxa4 24. a3 Rxc1+ 25. Nxc1 Nd5 26. axb4 Qxb4 27. Qxb4 Bxb4 28. e4 Nf6 29. f3 Bc5 30. Nb3 Bxd4+ 31. Nxd4 Nc5 32. Ndc6 Nfd7 33. Nc4 Nb7 34. Kf2 f6 35. e5 fxe5 36. N4xe5 Nxe5 37. Nxe5 Kf8 38. h4 Ke7 39. Ke3 Nd6 40. Kf4 Kf6 41. g4 h6 42. h5 Nb5 43. Nd7+ Ke7 44. Nc5 Nd4 45. Ke4 Nc6 46. Nd3 Kf6 47. Nc5 Ke7 48. Nb3 Kf6 49. Nd4 Ne7 50. f4 g5 51. hxg6 Nxg6 52. g5+ hxg5 53. fxg5+ Kxg5 54. Nxe6+ 1/2-1/2

[Event "EYTCC U18 Open 2019"]
[Site "Pardubice"]
[Date "2019.07.12"]
[Round "2.13"]
[White "Gavrilescu, David"]
[Black "Parkhov, Yair"]
[Result "1/2-1/2"]
[ECO "B90"]
[WhiteElo "2473"]
[BlackElo "2354"]
[Annotator "ChessBase"]
[PlyCount "75"]
[EventDate "2019.07.11"]
[EventType "swiss"]
[EventCountry "CZE"]
[SourceTitle "playchess.com"]
[Source "ChessBase"]
[SourceQuality "1"]
[WhiteTeam "Romania"]
[BlackTeam "Israel"]
[WhiteTeamCountry "ROU"]
[BlackTeamCountry "ISR"]
[TimeControl "40/5400+30:1800+30"]

1. e4 c5 2. Nf3 d6 3. d4 cxd4 4. Nxd4 Nf6 5. Nc3 a6 6. Bd3 e5 7. Nde2 Be7 8. O-O O-O 9. Ng3 Be6 10. Nd5 Nbd7 11. c4 Rc8 12. Be3 Nc5 13. Bc2 b5 14. b4 Ncd7 15. cxb5 axb5 16. a4 bxa4 17. Bxa4 Rc4 18. Bxd7 Nxd5 19. Bxe6 Nxe3 20. Bxf7+ Rxf7 21. fxe3 Rxf1+ 22. Kxf1 Rxb4 23. Qd5+ Kh8 24. Nf5 Bf8 25. Qf7 Rb8 26. h4 Qc8 27. Kg1 Rb7 28. Qd5 Qb8 29. h5 g6 30. hxg6 hxg6 31. Nh4 Rb1+ 32. Rxb1 Qxb1+ 33. Kh2 Kg7 34. Qc6 Qb3 35. Qd7+ Qf7 36. Qg4 Be7 37. Nf5+ Kf8 38. Nxe7 1/2-1/2

[Event "EYTCC U18 Open 2019"]
[Site "Pardubice"]
[Date "2019.07.12"]
[Round "2.14"]
[White "Zlatin, Alexander"]
[Black "Stoleriu, George"]
[Result "1/2-1/2"]
[ECO "C02"]
[WhiteElo "2270"]
[BlackElo "2360"]
[Annotator "ChessBase"]
[PlyCount "63"]
[EventDate "2019.07.11"]
[EventType "swiss"]
[EventCountry "CZE"]
[SourceTitle "playchess.com"]
[Source "ChessBase"]
[SourceQuality "1"]
[WhiteTeam "Israel"]
[BlackTeam "Romania"]
[WhiteTeamCountry "ISR"]
[BlackTeamCountry "ROU"]
[TimeControl "40/5400+30:1800+30"]

1. e4 e6 2. d4 d5 3. e5 c5 4. c3 Nc6 5. Nf3 Bd7 6. Be2 Nge7 7. Na3 Nf5 8. Nc2 cxd4 9. cxd4 Nb4 10. Nxb4 Bxb4+ 11. Bd2 Qa5 12. a3 Bxd2+ 13. Qxd2 Qxd2+ 14. Kxd2 Rc8 15. Rac1 O-O 16. Rxc8 Rxc8 17. Rc1 Rxc1 18. Kxc1 h6 19. Bd3 Ne7 20. Kd2 Nc6 21. Kc3 Kf8 22. b4 Ke7 23. Nd2 Kd8 24. f4 Ne7 25. b5 Kc7 26. a4 b6 27. Nf1 Kd8 28. Ne3 h5 29. g4 hxg4 30. Nxg4 Ng8 31. Bh7 Nh6 32. Nxh6 1/2-1/2

[Event "EYTCC U18 Open 2019"]
[Site "Pardubice"]
[Date "2019.07.12"]
[Round "2.15"]
[White "Ileana, George"]
[Black "Rozen, Eytan"]
[Result "1-0"]
[ECO "B18"]
[WhiteElo "2344"]
[BlackElo "2260"]
[Annotator "NA"]
[PlyCount "171"]
[EventDate "2019.07.11"]
[EventType "swiss"]
[EventCountry "CZE"]
[SourceTitle "playchess.com"]
[Source "ChessBase"]
[SourceQuality "1"]
[WhiteTeam "Romania"]
[BlackTeam "Israel"]
[WhiteTeamCountry "ROU"]
[BlackTeamCountry "ISR"]
[TimeControl "40/5400+30:1800+30"]

1. e4 c6 2. d4 d5 3. Nc3 dxe4 4. Nxe4 Bf5 5. Ng3 Bg6 6. N1e2 Nd7 7. Nf4 e5 8. dxe5 Nxe5 9. Qxd8+ Rxd8 10. Nxg6 hxg6 11. Be3 b6 12. h3 Nf6 13. f4 Ned7 14. O-O-O Bc5 15. Bxc5 Nxc5 16. Rxd8+ Kxd8 17. Bc4 Rf8 18. Rd1+ Kc7 19. Re1 Kd7 20. Rd1+ Kc7 21. Re1 Kd7 22. a3 Nb7 23. Kd2 Nd6 24. Bd3 Nd5 25. Rf1 Re8 26. Rf3 f5 27. c4 Nf6 28. b3 a5 29. Re3 Rxe3 30. Kxe3 c5 31. a4 Ke6 32. Bc2 Nf7 33. Ne2 Nd6 34. Ng1 Nf7 35. Nf3 Nh5 36. Bb1 Ng3 37. Kf2 Nh1+ 38. Kg1 Ng3 39. Kf2 Nh1+ 40. Ke3 Ng3 41. Nh4 Kf6 42. Kf3 Nf1 43. Ke2 Ng3+ 44. Kf2 Ne4+ 45. Bxe4 fxe4 46. g4 g5 47. Ng2 Nd8 48. Ke3 gxf4+ 49. Nxf4 Ke5 50. Ng6+ Kf6 51. Nf8 Ke7 52. Nh7 Ne6 53. Kxe4 Nd4 54. Ng5 Nxb3 55. Kd5 Nd4 56. Ne4 Kd7 57. Ke5 Nc6+ 58. Kf4 Ke6 59. Ng5+ Kf6 60. Nf3 Ke6 61. h4 Nb4 62. Ke4 Na2 63. Kd3 Nc1+ 64. Kd2 Na2 65. h5 Nb4 66. Ke3 Na2 67. Ng5+ Ke5 68. Nf3+ Ke6 69. Kd3 Nb4+ 70. Kc3 Nc6 71. Kd3 Nb4+ 72. Ke4 Na2 73. Kf4 Nc3 74. Kg5 Kf7 75. Ne5+ Ke6 76. Nc6 Kf7 77. Nd8+ Kg8 78. Kg6 Ne4 79. g5 b5 80. axb5 a4 81. b6 Nd6 82. h6 gxh6 83. gxh6 a3 84. h7+ Kh8 85. b7 a2 86. Nf7+ 1-0

[Event "EYTCC U18 Open 2019"]
[Site "Pardubice"]
[Date "2019.07.12"]
[Round "2.16"]
[White "Gleizer, Adar"]
[Black "Ognean, Mihnea-Ionut"]
[Result "0-1"]
[ECO "B08"]
[WhiteElo "1748"]
[BlackElo "2287"]
[Annotator "NA"]
[PlyCount "86"]
[EventDate "2019.07.11"]
[EventType "swiss"]
[EventCountry "CZE"]
[SourceTitle "playchess.com"]
[Source "ChessBase"]
[SourceQuality "1"]
[WhiteTeam "Israel"]
[BlackTeam "Romania"]
[WhiteTeamCountry "ISR"]
[BlackTeamCountry "ROU"]
[TimeControl "40/5400+30:1800+30"]

1. e4 d6 2. d4 Nf6 3. Nc3 g6 4. Nf3 Bg7 5. h3 O-O 6. Be2 c6 7. a4 Qc7 8. Be3 Nbd7 9. O-O Re8 10. Nd2 e5 11. dxe5 dxe5 12. Nc4 Bf8 13. Qe1 Bb4 14. f3 Bc5 15. Qf2 Bxe3 16. Qxe3 Nh5 17. Rfd1 Nf8 18. Qc5 Nf4 19. Bf1 Qe7 20. Qxe7 Rxe7 21. Rd8 N4e6 22. Rd6 f6 23. Rad1 Kg7 24. Na2 Bd7 25. Nb4 Be8 26. Na5 Nc5 27. b3 Rd7 28. Bc4 Rad8 29. Rxd7+ Rxd7 30. Rxd7+ Nfxd7 31. Na2 Kf8 32. Nc3 Nb6 33. b4 Nxc4 34. Nxc4 Na6 35. b5 Nc5 36. Nd6 Bd7 37. Kf2 Ke7 38. Nc4 Nxa4 39. Nxa4 cxb5 40. Nc5 bxc4 41. Nxb7 Ba4 42. c3 Bc6 43. Nc5 a5 0-1

[Event "EYTCC U18 Open 2019"]
[Site "Pardubice"]
[Date "2019.07.12"]
[Round "2.25"]
[White "Erenberg, Ariel"]
[Black "Blohberger, Felix"]
[Result "1/2-1/2"]
[ECO "A21"]
[WhiteElo "2442"]
[BlackElo "2476"]
[Annotator "ChessBase"]
[PlyCount "81"]
[EventDate "2019.07.11"]
[EventType "swiss"]
[EventCountry "CZE"]
[SourceTitle "playchess.com"]
[Source "ChessBase"]
[SourceQuality "1"]
[WhiteTeam "Israel"]
[BlackTeam "Austria"]
[WhiteTeamCountry "ISR"]
[BlackTeamCountry "AUT"]
[TimeControl "40/5400+30:1800+30"]

1. c4 e5 2. Nc3 Bb4 3. Nd5 a5 4. Nf3 d6 5. Nxb4 axb4 6. g3 c5 7. Bg2 Nc6 8. O-O Nge7 9. d3 O-O 10. h3 h6 11. b3 Be6 12. e3 d5 13. cxd5 Bxd5 14. Bb2 e4 15. dxe4 Bxe4 16. Qc1 b6 17. Rd1 Qc8 18. Nd2 Bxg2 19. Kxg2 Ra6 20. Qc2 Qa8 21. Kh2 Rd8 22. Nc4 Rxd1 23. Qxd1 Qc8 24. e4 Na5 25. Nd6 Qe6 26. Ne8 Ra8 27. Nc7 Qxe4 28. Nxa8 Qxa8 29. Qg4 Ng6 30. h4 Nc6 31. Qe4 Nge7 32. h5 Qc8 33. Rd1 Qe6 34. Qxe6 fxe6 35. Rd7 b5 36. Rb7 c4 37. Rxb5 c3 38. Bc1 Nd5 39. Rc5 Ne5 40. Be3 Kf7 41. Kg1 1/2-1/2

[Event "EYTCC U18 Open 2019"]
[Site "Pardubice"]
[Date "2019.07.12"]
[Round "2.26"]
[White "Horvath, Dominik"]
[Black "Bronstein, Or"]
[Result "0-1"]
[ECO "D90"]
[WhiteElo "2424"]
[BlackElo "2378"]
[Annotator "NA"]
[PlyCount "64"]
[EventDate "2019.07.11"]
[EventType "swiss"]
[EventCountry "CZE"]
[SourceTitle "playchess.com"]
[Source "ChessBase"]
[SourceQuality "1"]
[WhiteTeam "Austria"]
[BlackTeam "Israel"]
[WhiteTeamCountry "AUT"]
[BlackTeamCountry "ISR"]
[TimeControl "40/5400+30:1800+30"]

1. d4 Nf6 2. c4 g6 3. Nc3 d5 4. Nf3 Bg7 5. h4 dxc4 6. e4 c5 7. d5 b5 8. h5 Nxh5 9. Nxb5 O-O 10. Bxc4 Bg4 11. Qc2 Na6 12. a3 Nc7 13. Nc3 Bxf3 14. gxf3 e6 15. Be3 exd5 16. Nxd5 Rb8 17. Nc3 Ne6 18. Bxe6 fxe6 19. Rxh5 gxh5 20. f4 h4 21. e5 h3 22. Ke2 Qh4 23. Ne4 h2 24. Rh1 Rxf4 25. Bxf4 Qxf4 26. Nf6+ Kf7 27. Kf1 Qxe5 28. Nxh7 Rxb2 29. Qd3 Qd5 30. Qxd5 exd5 31. Rxh2 Kg6 32. a4 c4 0-1

[Event "EYTCC U18 Open 2019"]
[Site "Pardubice"]
[Date "2019.07.12"]
[Round "2.27"]
[White "Emanuel, Yahav"]
[Black "Morgunov, Daniel"]
[Result "1/2-1/2"]
[ECO "B92"]
[WhiteElo "2359"]
[BlackElo "2316"]
[Annotator "NA"]
[PlyCount "84"]
[EventDate "2019.07.11"]
[EventType "swiss"]
[EventCountry "CZE"]
[SourceTitle "playchess.com"]
[Source "ChessBase"]
[SourceQuality "1"]
[WhiteTeam "Israel"]
[BlackTeam "Austria"]
[WhiteTeamCountry "ISR"]
[BlackTeamCountry "AUT"]
[TimeControl "40/5400+30:1800+30"]

1. e4 c5 2. Nf3 d6 3. d4 cxd4 4. Nxd4 Nf6 5. Nc3 a6 6. Be2 e5 7. Nb3 Be7 8. O-O O-O 9. Kh1 Re8 10. f4 b5 11. a4 b4 12. Nd5 Bb7 13. Bf3 Nbd7 14. a5 Nxd5 15. exd5 Bf6 16. Ra4 e4 17. Be2 Nc5 18. Rxb4 Rb8 19. Be3 Ba8 20. Rxb8 Qxb8 21. Nxc5 dxc5 22. Bxc5 Rd8 23. c4 Qxb2 24. Bb6 Rb8 25. Bc7 Rf8 26. Bg4 g6 27. Qc1 Qa2 28. Bb6 Re8 29. Rf2 Qa4 30. Bd1 Qb4 31. Be2 Bd8 32. Qe3 Bf6 33. Rf1 Bc3 34. Rd1 Bf6 35. c5 Bxd5 36. Bxa6 Bc4 37. Bb7 Qa4 38. Rc1 Bb2 39. Re1 Bb5 40. h3 Bd4 41. Qg3 Qc2 42. c6 Bxb6 1/2-1/2

[Event "EYTCC U18 Open 2019"]
[Site "Pardubice"]
[Date "2019.07.12"]
[Round "2.28"]
[White "Morgunov, Marc"]
[Black "Globus, Or"]
[Result "1-0"]
[ECO "C78"]
[WhiteElo "2314"]
[BlackElo "2352"]
[Annotator "NA"]
[PlyCount "49"]
[EventDate "2019.07.11"]
[EventType "swiss"]
[EventCountry "CZE"]
[SourceTitle "playchess.com"]
[Source "ChessBase"]
[SourceQuality "1"]
[WhiteTeam "Austria"]
[BlackTeam "Israel"]
[WhiteTeamCountry "AUT"]
[BlackTeamCountry "ISR"]
[TimeControl "40/5400+30:1800+30"]

1. e4 e5 2. Nf3 Nc6 3. Bb5 a6 4. Ba4 Nf6 5. O-O b5 6. Bb3 Bc5 7. a4 Rb8 8. Nxe5 Nxe5 9. d4 Bxd4 10. Qxd4 d6 11. f3 c5 12. Qf2 c4 13. Ba2 O-O 14. Be3 Be6 15. Nd2 Qc7 16. Bd4 Nfd7 17. f4 Ng4 18. Qh4 f5 19. Qe7 Bf7 20. Qg5 Ngf6 21. Qxf5 bxa4 22. Qh3 Rfe8 23. Rae1 Rbc8 24. e5 dxe5 25. fxe5 1-0

[Event "EYTCC U18 Open 2019"]
[Site "Pardubice"]
[Date "2019.07.12"]
[Round "2.29"]
[White "Engel, Luis"]
[Black "Van Foreest, Lucas"]
[Result "1-0"]
[ECO "C67"]
[WhiteElo "2509"]
[BlackElo "2521"]
[Annotator "ChessBase"]
[PlyCount "115"]
[EventDate "2019.07.11"]
[EventType "swiss"]
[EventCountry "CZE"]
[SourceTitle "playchess.com"]
[Source "ChessBase"]
[SourceQuality "1"]
[WhiteTeam "Germany"]
[BlackTeam "Netherlands"]
[WhiteTeamCountry "GER"]
[BlackTeamCountry "NED"]
[TimeControl "40/5400+30:1800+30"]

1. e4 e5 2. Nf3 Nc6 3. Bb5 Nf6 4. O-O Nxe4 5. Re1 Nd6 6. a4 Be7 7. Nc3 O-O 8. d4 e4 9. Nxe4 Nxe4 10. Rxe4 d5 11. Re3 f6 12. c3 Bd6 13. Bd3 Ne7 14. Qc2 g6 15. Nh4 Rf7 16. Bd2 g5 17. Nf3 Bg4 18. h3 Bh5 19. Nh2 Bxh2+ 20. Kxh2 Bg6 21. Rae1 Qd7 22. f4 Bxd3 23. Qxd3 Nf5 24. Rf3 g4 25. hxg4 Nd6 26. f5 Ne4 27. Bh6 Qxa4 28. c4 Qb4 29. Rfe3 Qd6+ 30. g3 c6 31. c5 Qd7 32. b4 Re7 33. Kg2 b6 34. Qb3 Kh8 35. Qd1 bxc5 36. dxc5 Rae8 37. Qd4 Kg8 38. Ra1 Qc7 39. Bf4 Qc8 40. b5 Qb7 41. bxc6 Qxc6 42. Rd1 Rd7 43. g5 fxg5 44. Bxg5 Kf7 45. Rxe4 Rxe4 46. Qh8 Qxc5 47. Qxh7+ Ke8 48. Qg6+ Rf7 49. Rc1 Rc4 50. Qe6+ Re7 51. Qg8+ Kd7 52. Bxe7 Kxe7 53. Rf1 Rc2+ 54. Kh3 Qc4 55. f6+ Kd7 56. Qf7+ Kc6 57. Qe6+ Kc7 58. Rf4 1-0

[Event "EYTCC U18 Open 2019"]
[Site "Pardubice"]
[Date "2019.07.12"]
[Round "2.30"]
[White "Schoppen, Casper"]
[Black "Buckels, Valentin"]
[Result "1-0"]
[ECO "A17"]
[WhiteElo "2493"]
[BlackElo "2451"]
[Annotator "ChessBase"]
[PlyCount "79"]
[EventDate "2019.07.11"]
[EventType "swiss"]
[EventCountry "CZE"]
[SourceTitle "playchess.com"]
[Source "ChessBase"]
[SourceQuality "1"]
[WhiteTeam "Netherlands"]
[BlackTeam "Germany"]
[WhiteTeamCountry "NED"]
[BlackTeamCountry "GER"]
[TimeControl "40/5400+30:1800+30"]

1. Nf3 Nf6 2. c4 e6 3. Nc3 Bb4 4. Qc2 d6 5. g3 a5 6. Bg2 e5 7. O-O O-O 8. d4 Nc6 9. d5 Ne7 10. Nd2 Bxc3 11. Qxc3 c6 12. dxc6 bxc6 13. b3 Bg4 14. Re1 Nd7 15. Ba3 Qc7 16. Ne4 c5 17. Qd2 Ra6 18. Qg5 Ng6 19. Qxg4 f5 20. Qg5 fxe4 21. Bxe4 Rf6 22. Rad1 Ndf8 23. Rf1 Ne6 24. Qg4 Ne7 25. Bb2 Nd4 26. e3 Ndf5 27. Qe2 a4 28. Bc3 axb3 29. axb3 Qb8 30. Qc2 Rb6 31. Ra1 Rf8 32. Ra8 Qxa8 33. Bxa8 Rxa8 34. Ra1 Rab8 35. Ra7 Rxb3 36. Kg2 g6 37. g4 Nc8 38. Rd7 Nh6 39. Rd8+ Kg7 40. Rxc8 1-0

[Event "EYTCC U18 Open 2019"]
[Site "Pardubice"]
[Date "2019.07.12"]
[Round "2.31"]
[White "Parvanyan, Ashot"]
[Black "Kevlishvili, Robby"]
[Result "1-0"]
[ECO "D02"]
[WhiteElo "2423"]
[BlackElo "2480"]
[Annotator "ChessBase"]
[PlyCount "103"]
[EventDate "2019.07.11"]
[EventType "swiss"]
[EventCountry "CZE"]
[SourceTitle "playchess.com"]
[Source "ChessBase"]
[SourceQuality "1"]
[WhiteTeam "Germany"]
[BlackTeam "Netherlands"]
[WhiteTeamCountry "GER"]
[BlackTeamCountry "NED"]
[TimeControl "40/5400+30:1800+30"]

1. Nf3 d5 2. d4 Nf6 3. c4 c6 4. Qb3 dxc4 5. Qxc4 Bg4 6. Nbd2 Nbd7 7. g3 e6 8. Bg2 Be7 9. O-O O-O 10. b3 Rc8 11. Bb2 Bh5 12. Rfc1 h6 13. e3 Bg6 14. Qe2 Qc7 15. Nc4 Rfd8 16. a3 Nb6 17. Nfe5 Bh7 18. Bc3 Nxc4 19. Qxc4 Ne4 20. Be1 Bd6 21. Nd3 b5 22. Qc2 c5 23. Qe2 Qb6 24. f3 Nf6 25. Nxc5 Bxc5 26. dxc5 Rxc5 27. Bf2 Rxc1+ 28. Rxc1 Qa5 29. Qb2 Bg6 30. e4 Rd3 31. Rc8+ Kh7 32. Qc2 Rd2 33. Qc5 Nd7 34. Qxa7 Rd1+ 35. Bf1 Qd2 36. Kg2 Nf6 37. Qb8 Bh5 38. g4 Bxg4 39. Rh8+ Kg6 40. Qg3 Qc1 41. e5 Rxf1 42. exf6 Rxf2+ 43. Qxf2 Bf5 44. fxg7 Kxg7 45. Rd8 e5 46. Rd5 Kf6 47. Qd2 Qxa3 48. Qxh6+ Ke7 49. Rxe5+ Be6 50. Qh4+ Kd7 51. Qd4+ Kc6 52. b4 {[%emt 0:00:11] Kd5} 1-0

[Event "EYTCC U18 Open 2019"]
[Site "Pardubice"]
[Date "2019.07.12"]
[Round "2.32"]
[White "Vrolijk, Liam"]
[Black "Schmidek, Emil"]
[Result "1/2-1/2"]
[ECO "A16"]
[WhiteElo "2478"]
[BlackElo "2391"]
[Annotator "ChessBase"]
[PlyCount "69"]
[EventDate "2019.07.11"]
[EventType "swiss"]
[EventCountry "CZE"]
[SourceTitle "playchess.com"]
[Source "ChessBase"]
[SourceQuality "1"]
[WhiteTeam "Netherlands"]
[BlackTeam "Germany"]
[WhiteTeamCountry "NED"]
[BlackTeamCountry "GER"]
[TimeControl "40/5400+30:1800+30"]

1. c4 Nf6 2. Nc3 d5 3. cxd5 Nxd5 4. Nf3 g6 5. h4 Bg7 6. e4 Nxc3 7. dxc3 Qxd1+ 8. Kxd1 Nd7 9. h5 Nc5 10. h6 Bf8 11. e5 Bg4 12. Be3 O-O-O+ 13. Kc2 Bxf3 14. gxf3 e6 15. Re1 a5 16. Rh4 Be7 17. Rc4 Nd7 18. f4 c6 19. Ra4 b6 20. b4 Kc7 21. bxa5 b5 22. Re4 Ra8 23. a4 Rxa5 24. axb5 cxb5 25. Rb1 Rb8 26. Rd4 Ra2+ 27. Kd1 Ra5 28. Rd2 Bf8 29. Rdb2 Kc6 30. Bg2+ Kc7 31. Kc2 Be7 32. Bf1 Kc6 33. Bg2+ Kc7 34. Bf1 Kc6 35. Bg2+ 1/2-1/2

[Event "EYTCC U18 Open 2019"]
[Site "Pardubice"]
[Date "2019.07.12"]
[Round "2.33"]
[White "Ivic, Velimir"]
[Black "Gumularz, Szymon"]
[Result "1-0"]
[ECO "C72"]
[WhiteElo "2510"]
[BlackElo "2502"]
[Annotator "ChessBase"]
[PlyCount "45"]
[EventDate "2019.07.11"]
[EventType "swiss"]
[EventCountry "CZE"]
[SourceTitle "playchess.com"]
[Source "ChessBase"]
[SourceQuality "1"]
[WhiteTeam "Serbia"]
[BlackTeam "Poland"]
[WhiteTeamCountry "SRB"]
[BlackTeamCountry "POL"]
[TimeControl "40/5400+30:1800+30"]

1. e4 e5 2. Nf3 Nc6 3. Bb5 a6 4. Ba4 d6 5. O-O Bd7 6. d4 Nf6 7. Bxc6 Bxc6 8. Re1 Be7 9. Nc3 O-O 10. dxe5 dxe5 11. Qxd8 Raxd8 12. Nxe5 Bxe4 13. Nxe4 Nxe4 14. Nd3 f5 15. f3 Bc5+ 16. Nxc5 Nxc5 17. Bg5 Rd5 18. Be7 Na4 19. Bxf8 Kxf8 20. Rad1 Rc5 21. b3 Nb6 22. c4 Kf7 23. Kf2 1-0

[Event "EYTCC U18 Open 2019"]
[Site "Pardubice"]
[Date "2019.07.12"]
[Round "2.34"]
[White "Teclaf, Pawel"]
[Black "Radovanovic, Mihajlo"]
[Result "0-1"]
[ECO "B87"]
[WhiteElo "2454"]
[BlackElo "2500"]
[Annotator "ChessBase"]
[PlyCount "86"]
[EventDate "2019.07.11"]
[EventType "swiss"]
[EventCountry "CZE"]
[SourceTitle "playchess.com"]
[Source "ChessBase"]
[SourceQuality "1"]
[WhiteTeam "Poland"]
[BlackTeam "Serbia"]
[WhiteTeamCountry "POL"]
[BlackTeamCountry "SRB"]
[TimeControl "40/5400+30:1800+30"]

1. e4 c5 2. Nf3 d6 3. d4 cxd4 4. Nxd4 Nf6 5. Nc3 a6 6. Bc4 e6 7. Bb3 b5 8. Bg5 Be7 9. Qf3 Qb6 10. O-O Nbd7 11. Rad1 b4 12. Na4 Qb7 13. Rfe1 O-O 14. c3 a5 15. Qg3 Ne5 16. f4 Nc6 17. e5 dxe5 18. fxe5 Nh5 19. Qh4 g6 20. Nf3 h6 21. Bxe7 Nxe7 22. Qf2 bxc3 23. bxc3 Qa7 24. Nc5 Nf4 25. Qe3 Nf5 26. Qf2 Ba6 27. Rd7 Qb6 28. Nxa6 Qxa6 29. Qd2 Qc6 30. Rd1 g5 31. h4 Qxc3 32. Qxc3 Ne2+ 33. Kh2 Nxc3 34. Rc1 Rac8 35. hxg5 a4 36. Bd1 Ne3 37. Bxa4 Nxa4 38. Rxc8 Rxc8 39. gxh6 Ng4+ 40. Kg3 Nxh6 41. Kh4 Nc5 42. Ra7 Ne4 43. Nd4 Rc1 0-1